 Dungeon Crawl Stone Soup version 0.26-a0-651-gb41185065b (webtiles) character file.

Game seed: 13709181501215675354

439 Irenicus the Charlatan (level 6, -4/49 HPs)
             Began as a Deep Dwarf Hedge Wizard on Sept 29, 2020.
             Slain by a killer bee zombie (6 damage)
             ... on level 5 of the Dungeon.
             The game lasted 00:21:31 (2604 turns).

Irenicus the Charlatan (Deep Dwarf Hedge Wizard)    Turns: 2604, Time: 00:21:31

Health: -4/49      AC:  4    Str: 13    XL:     6   Next: 70%
Magic:  8/9        EV: 12    Int: 23    God:
Gold:   178        SH:  0    Dex: 12    Spells: 8/11 levels left

rFire    . . .     SeeInvis .   m - +2 dagger (pain)
rCold    . . .     Faith    .   (no shield)
rNeg     . . .     Spirit   .   d - +0 leather armour
rPois    .         Reflect  .   c - +0 hat
rElec    .         Harm     .   r - scarf {+Inv}
rCorr    .         Rampage  .   (no gloves)
MR       .....                  u - +0 pair of boots
Stlth    ++........             (no amulet)
HPRegen  0.00/turn              j - ring of flight {+Fly, !d}
MPRegen  0.11/turn              k - +6 ring of intelligence

@: non-regenerating
A: damage resistance, heal wounds, sense surroundings 1, no regeneration
a: Heal Wounds, Evoke Invisibility, Evoke Flight


You were on level 5 of the Dungeon.
You visited 1 branch of the dungeon, and saw 5 of its levels.

You collected 178 gold pieces.

Inventory:

Hand Weapons
 h - a +0 dagger of freezing
   (You found it on level 5 of the Dungeon)
 m - a +2 dagger of pain (weapon)
   (You took it off a goblin on level 2 of the Dungeon)
 p - a +2 hand axe of freezing
   (You took it off an orc on level 3 of the Dungeon)
Missiles
 b - 245 stones (quivered)
Armour
 c - a +0 hat (worn)
 d - a +0 leather armour (worn)
   (You found it on level 1 of the Dungeon)
 r - a scarf of invisibility (worn)
   (You found it on level 3 of the Dungeon)
 u - a +0 pair of boots (worn)
   (You found it on level 3 of the Dungeon)
Jewellery
 j - a ring of flight (left hand) {+Fly, !d}
   (You found it on level 1 of the Dungeon)
 k - a +6 ring of intelligence (right hand)
   (You found it on level 2 of the Dungeon)
Wands
 s - a wand of digging (4)
   (You found it on level 3 of the Dungeon)
 v - a wand of enslavement (13)
   (You found it on level 5 of the Dungeon)
Scrolls
 a - a scroll of random uselessness {unknown}
 g - a scroll of teleportation
 i - 4 scrolls of identify
 l - a scroll of enchant armour {unknown}
 o - 2 scrolls of enchant weapon {unknown}
 q - a scroll of noise {unknown}
 t - 2 scrolls of remove curse {unknown}
Potions
 e - 2 potions of lignification {unknown}
 f - a potion of flight
 n - a potion of might
 w - a potion of ambrosia
 x - a potion of heal wounds


   Skills:
 - Level 2.1 Dodging
 - Level 2.4 Stealth
 - Level 3.0 Spellcasting
 - Level 4.0 Conjurations
   Level 0.8 Summonings
 - Level 1.1 Translocations
 + Level 6.6 Evocations


You had 8 spell levels left.
You knew the following spells:

 Your Spells              Type           Power        Failure   Level
a - Magic Dart            Conj           ###.         2%          1
b - Blink                 Tloc           N/A          14%         2

Your spell library contained the following spells:

 Spells                   Type           Power        Failure   Level
 Sting                    Tmut/Pois      #...         14%         1
 Call Imp                 Summ           #.......     16%         2
 Conjure Flame            Conj/Fire      ##......     19%         3
 Poisonous Vapours        Pois/Air       #.....       22%         2
 Slow                     Hex            #.......     22%         2
 Mephitic Cloud           Conj/Pois/Air  #.......     26%         3
 Ignite Poison            Fire/Tmut/Pois #.......     41%         3
 Olgreb's Toxic Radiance  Pois           #.......     82%         4


Dungeon Overview and Level Annotations

Branches:
Dungeon (5/15)
 Temple: D:4-7

Altars:
Ashenzari
Xom
The Shining One


Innate Abilities, Weirdness & Mutations

You are resistant to damage.
You can heal yourself by infusing magical energy.
You passively map a small area around you.
You do not regenerate.


Message History

The magic dart hits the leopard gecko zombie!
You destroy the leopard gecko zombie!
You now have 6/9 mp.
Aim: a bullfrog skeleton The magic dart hits the bullfrog skeleton.
Aim: a bullfrog skeleton (moderately damaged)
The magic dart hits the bullfrog skeleton.
You now have 5/9 mp.
Aim: a bullfrog skeleton (heavily damaged)
The magic dart hits the bullfrog skeleton.
The bullfrog skeleton hits you but does no damage.
You now have 4/9 mp.
Aim: a bullfrog skeleton (heavily damaged)
The magic dart hits the bullfrog skeleton.
The bullfrog skeleton barely misses you. x2
You now have 3/9 mp.
Aim: a bullfrog skeleton (heavily damaged)
The magic dart hits the bullfrog skeleton.
The bullfrog skeleton hits you.
You now have 2/9 mp.
Aim: a bullfrog skeleton (severely damaged)
The magic dart hits the bullfrog skeleton!
The bullfrog skeleton barely misses you.
You now have 1/9 mp.
Aim: a bullfrog skeleton (almost destroyed)
The magic dart hits the bullfrog skeleton.
The bullfrog skeleton hits you.
* * * LOW HITPOINT WARNING * * *
The bullfrog skeleton hits you but does no damage.
You take 1 damage, and have 5/49 hp.
You now have 0/9 mp.
You don't have enough magic to cast that spell.
Unknown command.
You hit the bullfrog skeleton but do no damage.
The bullfrog skeleton hits you.
* * * LOW HITPOINT WARNING * * *
You take 1 damage, and have 4/49 hp.
You hit the bullfrog skeleton.
You destroy the bullfrog skeleton!
There is an open door here.
There is a fountain of sparkling water here.
You open the door.
There is an open door here.
Found a shimmering altar of Xom.
Found a shimmering altar of Xom.
Found two shimmering altars of Xom.
Found three shimmering altars of Xom.
Found two shimmering altars of Xom.
There is a fountain of clear blue water here.
Really walk into that teleport trap?
You enter a teleport trap!
The teleport trap disappears.
Your surroundings suddenly seem different.
You open the door.
There is an open door here.
You open the door.
Found a broken altar of Ashenzari.
There is an open door here.
There is a broken altar of Ashenzari here.
There is an open door here.
MP restored: 9
There is an open door here.
You open the door.
There is an open door here.
e - 2 bubbling pink potions (gained 1)
Found a stone staircase leading up.
You see here a runed hunting sling.
Aim: an adder zombie You miscast Magic Dart.
You are very lightly contaminated with residual magic.
Nothing appears to happen.
The adder zombie bites you.
You now have 8/9 mp.
Aim: an adder zombie The magic dart hits the adder zombie.
The adder zombie closely misses you.
You now have 7/9 mp.
Aim: an adder zombie (moderately damaged)
The magic dart hits the adder zombie.
The adder zombie barely misses you.
You now have 6/9 mp.
Aim: an adder zombie (heavily damaged)
The magic dart hits the adder zombie.
The adder zombie barely misses you.
You now have 5/9 mp.
Aim: an adder zombie (almost destroyed)
The magic dart hits the adder zombie.
You destroy the adder zombie!
You now have 4/9 mp.
Your magical contamination has completely faded away.
You pick up a Young Poisoner's Handbook and begin reading...
You add the spells Sting, Poisonous Vapours, Ignite Poison and Olgreb's Toxic Radiance to your library.
Okay, then.
Okay, then.
MP restored: 9 A killer bee zombie comes into view.
You see here a potion of heal wounds.
x - a potion of heal wounds The killer bee zombie hits you.
* * * LOW HITPOINT WARNING * * *
The killer bee zombie closely misses you.
You take 2 damage, and have 2/49 hp.
Aim: a killer bee zombie The magic dart hits the killer bee zombie.
The killer bee zombie hits you!
You die...

### * #######.#.
#.......#.#####
#.#####.#..Z..# #.#
#.#.###.#### * #.#
#.#.#.Z....# , * #.#
#.#.#@#.##.#
#.#####.#.#.#.# #
#.#.##....#...#.# ,
####.#.##.########.#######
..........#...............
#....#.#..#........#######*
#.##......####........... ≈
#†##.####.#..#.###########*
, #.##.#, #.#..#.#
#.......#* ,


You could see a killer bee zombie.

Vanquished Creatures
  A gnoll shaman (D:4)
  7 orc wizards (D:4)
  A bullfrog skeleton (D:5)
  A worker ant (D:4)
  A hound skeleton (D:4)
  4 gnolls (D:4)
  4 adders
  An adder zombie (D:5)
  A dart slug (D:1)
  11 orcs
  7 bats
  3 giant cockroaches
  9 goblins
  11 hobgoblins
  A quokka (D:2)
  A ball python (D:1)
  7 frilled lizards
  2 kobolds
  A leopard gecko skeleton (D:4)
  A leopard gecko zombie (D:5)
  12 rats
87 creatures vanquished.

Vanquished Creatures (others)
  A scorpion (D:4)
  An orc wizard (D:4)
  An orc (D:4)
  A ball python (D:4)
4 creatures vanquished.

Grand Total: 91 creatures vanquished

Notes
Turn   | Place    | Note
-------+----------+-------------------------------------------
     0 | D:1      | Irenicus the Deep Dwarf Hedge Wizard began the quest for
                  | the Orb.
     0 | D:1      | Reached XP level 1. HP: 15/15 MP: 4/4
    23 | D:1      | Reached skill level 1 in Conjurations
   157 | D:1      | Reached XP level 2. HP: 22/22 MP: 0/5
   161 | D:1      | Reached skill level 2 in Conjurations
   420 | D:1      | Reached XP level 3. HP: 28/28 MP: 1/7
   601 | D:2      | Reached skill level 3 in Conjurations
  1084 | D:3      | Learned a level 2 spell: Blink
  1117 | D:3      | HP: 7/28 [orc/+2 hand axe of freezing (3)]
  1153 | D:3      | HP: 3/28 [orc/+2 hand axe of freezing (4)]
  1241 | D:3      | Reached XP level 4. HP: 36/36 MP: 6/8
  1373 | D:3      | Reached skill level 3 in Spellcasting
  1795 | D:4      | Found a glowing golden altar of the Shining One.
  1826 | D:4      | Reached skill level 1 in Evocations
  1827 | D:4      | HP: 9/36 [orc wizard/magic dart (2)]
  1845 | D:4      | Reached skill level 2 in Evocations
  1845 | D:4      | Reached XP level 5. HP: 22/42 MP: 4/9
  1865 | D:4      | Reached skill level 4 in Conjurations
  1925 | D:4      | Reached skill level 3 in Evocations
  1982 | D:4      | HP: 9/42 [adder (2)]
  2070 | D:4      | Reached skill level 4 in Evocations
  2137 | D:4      | HP: 6/42 [gnoll shaman/+0 club (6)]
  2141 | D:4      | Reached skill level 5 in Evocations
  2141 | D:4      | Reached XP level 6. HP: 31/49 MP: 2/9
  2286 | D:4      | HP: 12/49 [orc wizard/+0 dagger (3)]
  2301 | D:4      | Reached skill level 6 in Evocations
  2301 | D:4      | HP: 7/49 [something/puff of flame (5)]
  2337 | D:5      | Entered Level 5 of the Dungeon
  2428 | D:5      | HP: 5/49 [bullfrog skeleton (1)]
  2470 | D:5      | Found a shimmering altar of Xom.
  2473 | D:5      | Found a shimmering altar of Xom.
  2475 | D:5      | Found a shimmering altar of Xom.
  2475 | D:5      | Found a shimmering altar of Xom.
  2476 | D:5      | Found a shimmering altar of Xom.
  2476 | D:5      | Found a shimmering altar of Xom.
  2476 | D:5      | Found a shimmering altar of Xom.
  2477 | D:5      | Found a shimmering altar of Xom.
  2477 | D:5      | Found a shimmering altar of Xom.
  2500 | D:5      | Found a broken altar of Ashenzari.
  2603 | D:5      | HP: 2/49 [killer bee zombie (2)]
  2604 | D:5      | Slain by a killer bee zombie

Illustrated notes

Levels and vault maps discovered:
D:1:      beargit_arrival_greenhouse, layout_loops_ring, minmay_misc_feat_doors,
          minmay_octomino_c4
D:2:      layout_loops_cross, minmay_liquid_box
D:3:      layout_loops_corners
D:4:      layout_gridville, overflow_temple_1_default
D:5:      layout_basic, ashenzari_conservatory_becter, xom_redecorated,
          minmay_fountain_box, st_stairs_2, serial_park_tiny_pond

Skill      XL: |  1  2  3  4  5  6 |
---------------+-------------------+-----
Conjurations   | 1 2 3 4 |  4.0
Spellcasting   | 3 |  3.0
Evocations     | 2 5 6 |  6.6
Dodging        | |  2.1
Stealth        | |  2.4
Summonings     | |  0.8
Translocations | |  1.1

Action                   |  1- 3 |  4- 6 || total
-------------------------+-------+-------++-------
Melee: Dagger            |    82 |   103 ||   185
 Cast: Magic Dart        |    90 |    98 ||   188
       Blink             |     2 |       ||     2
 Abil: Evoke Invisibilit |       |     8 ||     8
       Heal Wounds       |       |     1 ||     1
  Use: Potion            |     4 |     3 ||     7
       Scroll            |     3 |     1 ||     4
 Stab: Sleeping          |     3 |       ||     3
       Invisible         |       |     6 ||     6
Armor: Leather armour    |    30 |    46 ||    76
Dodge: Dodged            |    63 |   111 ||   174

Table legend: (Time is in decaauts)
 A = Elapsed time spent in this place.
 B = Non-inter-level travel time spent in this place.
 C = Inter-level travel time spent in this place.
 D = Time resting spent in this place.
 E = Time spent auto-exploring this place.
 F = Levels seen in this place.
 G = Mean time per level.
                   A        B        C        D        E       F      G
               +--------+--------+--------+--------+--------+-----+--------+
         Total |   2603 |   2603 |      0 |      0 |      0 |   5 |  520.6 |
       Dungeon |   2603 |   2603 |      0 |      0 |      0 |   5 |  520.6 |
               +--------+--------+--------+--------+--------+-----+--------+

Top non-repeatable levels by time:
     D:3: 764 daAuts
     D:4: 580 daAuts
     D:1: 550 daAuts
     D:2: 443 daAuts
     D:5: 265 daAuts

Table legend:
 A = Kills in this place as a percentage of kills in entire the game.
 B = Kills by you in this place as a percentage of kills by you in the entire game.
 C = Kills by friends in this place as a percentage of kills by friends in the entire game.
 D = Other kills in this place as a percentage of other kills in the entire game.
 E = Experience gained in this place as a percentage of experience gained in the entire game.
 F = Experience gained in this place divided by the number of levels of this place that you have seen.
                   A       B       C       D       E      F
               +-------+-------+-------+-------+-------+----------------------
         Total | 100.0 | 100.0 |   N/A | 100.0 | 100.0 | 125.6
       Dungeon | 100.0 | 100.0 |   N/A | 100.0 | 100.0 | 125.6
               +-------+-------+-------+-------+-------+----------------------
